 Dungeon Crawl Stone Soup version bcrawl-1.27.8b (webtiles) character file.

Game seed: 8353945691601281540

156715 LostNumber the Sneak (level 3, -2/21 HPs)
             Began as a Vine Stalker Archaeologist on Nov 11, 2020.
             Slain by Jessica
             ... wielding a +0 club
              (5 damage)
             ... on level 2 of the Dungeon.
             The game lasted 00:01:18 (927 turns).

LostNumber the Sneak (Vine Stalker Archaeologist)    Turns: 927, Time: 00:01:19

Health: -2/21      AC:  6    Str: 14    XL:     3   Next: 97%
Magic:  4/4        EV: 13    Int: 14    God:
Gold:   136        SH:  0    Dex: 12    Spells: 2/2 levels left

rFire    . . .     SeeInvis .   a - +0 whip
rCold    . . .     Gourm    .   (no shield)
rNeg     . . .     Faith    .   b - +1 robe
rPois    .         Spirit   .   c - +1 hat
rElec    .         Reflect  .   (no cloak)
rCorr    .         Harm     .   (no gloves)
MR       .....                  d - +1 pair of boots
Stlth    +++.......             (no amulet)
HPRegen  0.47/turn              (no ring)
MPRegen  0.09/turn              (no ring)

@: no status effects
A: fangs 2, regeneration 1, no potion heal 3, rot immunity, strong jaws
a: no special abilities


You were on level 2 of the Dungeon.
You were hungry.

You visited 1 branch of the dungeon, and saw 2 of its levels.

You collected 136 gold pieces.

Inventory:

Hand Weapons
 a - a +0 whip (weapon)
Armour
 b - a +1 robe (worn)
 c - a +1 hat (worn)
 d - a +1 pair of boots (worn)
Jewellery
 l - an uncursed ring of protection from magic {unknown}
   (You found it on level 1 of the Dungeon)
Scrolls
 g - 2 scrolls of magic mapping
 h - 2 scrolls of identify {@r1}
 m - a scroll of blinking {unknown}
 n - a scroll of fog {unknown}
Potions
 j - 2 potions of mutation {unknown}
 k - a potion of magic {unknown}
 o - a potion of agility {unknown}
Miscellaneous
 f - a dusty tome
Comestibles
 e - 2 rations {!d!d}
 i - 2 chunks of flesh


   Skills:
 + Level 2.0 Fighting
 - Level 0.8 Maces & Flails
 + Level 3.6 Dodging
 + Level 5.3 Stealth


You had 2 spell levels left.
You didn't know any spells.
Your spell library was empty.

Dungeon Overview and Level Annotations

Branches:
Dungeon (2/12)

Altars:

Annotations:
D:2 1 runed door, Jessica


Innate Abilities, Weirdness & Mutations

You have extremely sharp teeth.
Your natural rate of healing is unusually fast.
Potions cannot restore your health.
You are immune to rotting.
Your bites deal extra damage.


Message History

You closely miss the jackal. The jackal misses you.
Jessica mumbles some strange words.
Jessica seems to speed up.
You hear a bark!
You barely miss the jackal. The jackal closely misses you.
A jackal comes into view.
The jackal closely misses you. Jessica hits you with a +0 club.
You barely miss Jessica. The jackal barely misses you.
Jessica hits you with a +0 club.
* * * LOW HITPOINT WARNING * * *
You barely miss Jessica. The jackal barely misses you.
Jessica hits you but does no damage.
The jackal bites you but does no damage.
Jessica hits you with a +0 club.
* * * LOW HITPOINT WARNING * * *
You hit Jessica. Your bite misses Jessica.
The jackal bites you but does no damage.
Jessica mumbles some strange words.
Jessica blinks!
You hit the jackal.
You kill the jackal!
The jackal misses you. The jackal bites you.
* * * LOW HITPOINT WARNING * * *
You hit the jackal.
The jackal bites you but does no damage.
The jackal bites you.
* * * LOW HITPOINT WARNING * * *
Jessica closely misses you. The jackal misses you.
You see here a jackal corpse.
You hit Jessica but do no damage. Jessica completely misses you.
The jackal bites you.
* * * LOW HITPOINT WARNING * * *
Jessica closely misses you.
You barely miss Jessica.
The jackal bites you but does no damage.
Jessica closely misses you. The jackal barely misses you.
You hit Jessica but do no damage. Jessica hits you with a +0 club.
* * * LOW HITPOINT WARNING * * *
The jackal barely misses you. Jessica hits you with a +0 club.
* * * LOW HITPOINT WARNING * * *
You barely miss Jessica. You bite Jessica. The jackal barely misses you.
Jessica hits you with a +0 club.
* * * LOW HITPOINT WARNING * * *
The jackal bites you.
* * * LOW HITPOINT WARNING * * *
You hit Jessica but do no damage. Jessica gestures at you while chanting.
You resist with some effort. The jackal closely misses you.
Jessica hits you with a +0 club.
You die...

#......# # . #......# ..
.##......# +.> .'......#
#... #......# .....
#......#
......##h.....#### ###
......@@....)....+...+..
.......####..#####...###
######. ##.# #...# #.
#.# #...# #. #.# #...#
#. #.# #...# #. #.##
#...### #.
###..######.[..
#.........#.###


You could see Jessica and a jackal.

Vanquished Creatures
  3 oozes
  A dart slug (D:1)
  4 leopard geckos
  A ball python (D:1)
  3 bats
  2 giant cockroaches
  6 hobgoblins
  2 jackals (D:2)
  3 kobolds
  2 quokkas (D:2)
  A frilled lizard (D:1)
  2 goblins (D:1)
  4 rats (D:1)
34 creatures vanquished.

Notes
Turn   | Place    | Note
-------+----------+-------------------------------------------
     0 | D:1      | LostNumber the Vine Stalker Archaeologist began the quest
                  | for the Orb.
     0 | D:1      | Reached XP level 1. HP: 11/11 MP: 2/2
    15 | D:1      | Reached skill level 1 in Fighting
    28 | D:1      | Reached XP level 2. HP: 16/16 MP: 3/3
   341 | D:1      | Reached skill level 5 in Stealth
   341 | D:1      | Reached XP level 3. HP: 20/20 MP: 4/4
   609 | D:2      | Found a runed door.
   893 | D:2      | Noticed Jessica
   927 | D:2      | Slain by Jessica

Skill      XL: |  1  2  3 |
---------------+----------+-----
Fighting       | 1 2 |  2.0
Stealth        | 5 |  5.3
Maces & Flails | |  0.8
Dodging        | |  3.6

Action                   || total
-------------------------++-------
Melee: Whip              ||   149
       Bite              ||    13
 Stab: Sleeping          ||    10
  Eat: Chunk             ||     3
Armor: Robe              ||    59
Dodge: Dodged            ||   110
